 Dungeon Crawl Stone Soup version 0.24-a0-581-gc0fa660 (webtiles) character file.

Game seed: 15384040423486580486

109 Bapo the Ruffian (level 4, -1/39 HPs)
             Began as a Troll Fighter on Aug 24, 2019.
             Was an Initiate of Hepliaklqana.
             Killed by divine providence
             ... invoked by an orc priest
              (11 damage)
             ... on level 3 of the Dungeon.
             The game lasted 00:06:32 (1905 turns).

Bapo the Ruffian (Troll Fighter)                    Turns: 1905, Time: 00:06:34

Health: -1/39      AC:  6    Str: 24    XL:     4   Next: 60%
Magic:  3/3        EV:  8    Int:  4    God:    Hepliaklqana [......]
Gold:   191        SH:  9    Dex: 10    Spells: 3/3 levels left

rFire    . . .     SeeInvis .     - Unarmed
rCold    . . .     Gourm    +   b - +1 shield
rNeg     . . .     Faith    .   a - +0 robe
rPois    .         Spirit   .   (helmet restricted)
rElec    .         Reflect  .   (no cloak)
rCorr    .         Harm     .   (gloves unavailable)
MR       .....                  (boots unavailable)
Stlth    +.........             (no amulet)
HPRegen  0.53/turn              (no ring)
MPRegen  0.08/turn              (no ring)

@: no status effects
A: large, unfitting armour, reduced essence, claws 3, fast metabolism 3,
gourmand, regeneration 1, shaggy fur 1, tough skin 3
a: Recall Ancestor, Ancestor Identity, Renounce Religion


You were on level 3 of the Dungeon.
You worshipped Hepliaklqana.
Hepliaklqana was noncommittal.
You were completely stuffed.

You visited 1 branch of the dungeon, and saw 3 of its levels.

You collected 191 gold pieces.

Inventory:

Armour
 a - a +0 robe (worn)
 b - a +1 shield (worn)
Scrolls
 h - 2 scrolls of teleportation
 j - a scroll of magic mapping
 k - 2 scrolls of identify
Potions
 c - a potion of might
 e - 2 potions of curing
 g - a potion of heal wounds
Comestibles
 d - 5 rations
 f - a chunk of flesh


   Skills:
 - Level 2.5 Fighting
 - Level 2.5 Dodging
 - Level 2.5 Shields
 + Level 4.5 Unarmed Combat


You had 3 spell levels left.
You didn't know any spells.
Your spell library was empty.

Dungeon Overview and Level Annotations

Branches:
Dungeon (3/15)

Altars:
Ashenzari
Hepliaklqana
Nemelex Xobeh


Innate Abilities, Weirdness & Mutations

You are too large for most types of armour.
You have claws for hands.
Your metabolism is lightning-fast.
You like to eat raw meat.
Your natural rate of healing is unusually fast.
You are covered in fur. (AC +1)
You have extremely tough skin. (AC +3)
Your life essence is reduced to manifest your ancestor. (-10% HP)


Message History

The leopard gecko dies!
The orc hits Wilburh with a +0 mace!
The orc priest calls down the wrath of Beogh upon you.
Beogh smites you!
Wilburh hits the orc.
The orc hits Wilburh but does no damage.
Wilburh hits the orc.
The orc dies!
Wilburh barely misses the orc.
The orc closely misses Wilburh.
The orc priest miscasts a cantrip.
Wilburh hits the orc.
The orc hits Wilburh with a +0 flail!
Wilburh is destroyed!
The orc priest invokes the aid of Beogh against you.
Beogh smites you!
* * * LOW HITPOINT WARNING * * *
You block the orc's attack.
The orc priest invokes the aid of Beogh against you.
Beogh smites you!
You die...

......'÷....####...#####
......#.....# #...#
............####...#######
.......÷...............[>########
.#..#)..#.....##...###...........
+#..#......#.......# #.#########.
......#...#_#.########.# #.
......#.#..#..##.....#.###### #.
......#.......##@###.#......# #.
......##.####.##o#..)....<#.# #.
......##.# #.##o##########.# #.
......##,* #.##o.,,,,,,,,#.####.
...<..#*,* #.#....,,,,**,#......
......#*,** *,*[....,,,**,#######
......#*,,* *,#......,,**,*
......#**,* *,+.......,**,*
......# *,* *,#........**,*


You could see 2 orc priests and an orc.

Vanquished Creatures
  3 adders
  2 oozes
  4 worms
  A dart slug (D:1)
  A leopard gecko (D:3)
  3 ball pythons
  8 bats
  3 giant cockroaches
  5 goblins
  6 hobgoblins
  5 kobolds
  2 quokkas
  4 frilled lizards
  6 rats
53 creatures vanquished.

Vanquished Creatures (collateral kills)
  A leopard gecko (D:3)
  An orc (D:3)
  A giant cockroach (D:3)
  A goblin (D:3)
4 creatures vanquished.

Vanquished Creatures (others)
  An ancestor (D:3)
1 creature vanquished.

Grand Total: 58 creatures vanquished

Notes
Turn   | Place    | Note
-------+----------+-------------------------------------------
     0 | D:1      | Bapo the Troll Fighter began the quest for the Orb.
     0 | D:1      | Reached XP level 1. HP: 22/22 MP: 0/0
    69 | D:1      | Reached XP level 2. HP: 29/29 MP: 1/1
   800 | D:2      | Reached skill level 3 in Unarmed Combat
   800 | D:2      | Reached XP level 3. HP: 31/36 MP: 2/2
  1425 | D:3      | Reached skill level 4 in Unarmed Combat
  1425 | D:3      | Reached XP level 4. HP: 34/44 MP: 3/3
  1437 | D:3      | Found a shattered altar of Ashenzari.
  1509 | D:3      | Found a sparkling altar of Nemelex Xobeh.
  1686 | D:3      | Found a faded altar of an unknown god.
  1794 | D:3      | Found a hazy altar of Hepliaklqana.
  1804 | D:3      | Became a worshipper of Hepliaklqana the Forgotten
  1905 | D:3      | Killed from afar by an orc priest

Levels and vault maps discovered:
D:1:      psy_arrival_heroes, layout_loops_ring
D:2:      layout_basic
D:3:      layout_basic, nemelex_xobeh_ov_fountains_minmay,
          overflow_temple_1_default, chequers_ecumenical_altar_simple,
          ashenzari_altar_1

Skill      XL: |  1  2  3 |
---------------+----------+-----
Unarmed Combat | 3 4 |  4.5
Fighting       | |  2.5
Dodging        | |  2.5
Shields        | |  2.5

Action                   |  1- 3 |  4- 6 || total
-------------------------+-------+-------++-------
Melee: Unarmed           |   113 |    39 ||   152
  Use: Scroll            |     5 |       ||     5
       Potion            |     4 |       ||     4
  Eat: Chunk             |    17 |     6 ||    23
Armor: Robe              |    43 |    12 ||    55
Dodge: Dodged            |    37 |     7 ||    44
Block: Shield            |    62 |    20 ||    82

Table legend:
 A = Non-vault XP
 B = Vault XP
 C = Vault XP percentage of total XP
 D = Non-vault monster count
 E = Vault monster count
 F = Vault count percentage of total count
                 A         B        C        D         E       F
            +---------+---------+-------+---------+---------+-------
      Total |     157 |       0 |   0.0 |      57 |       0 |   0.0
            +---------+---------+-------+---------+---------+-------
        D:1 |      30 |       0 |   0.0 |      14 |       0 |   0.0
        D:2 |      53 |       0 |   0.0 |      21 |       0 |   0.0
        D:3 |      74 |       0 |   0.0 |      22 |       0 |   0.0
            +---------+---------+-------+---------+---------+-------
